 Dungeon Crawl Stone Soup version 0.21-b1-23-g1fb0a74 (webtiles) character file.

88 Monsterracer the Grave Robber (level 4, -5/36 HPs)
             Began as a Deep Dwarf Necromancer on Jan 5, 2018.
             Slain by a gnoll
             ... wielding a +0 flail
              (8 damage)
             ... on level 2 of the Dungeon.
             The game lasted 00:05:08 (2131 turns).

Monsterracer the Grave Robber (DDNe)                Turns: 2131, Time: 00:05:09

Health: -5/36      AC:  2    Str: 12    XL:     4   Next: 30%
Magic:  7/7        EV: 12    Int: 16    God:
Gold:   64         SH:  0    Dex: 13    Spells: 4/8 levels left

rFire    . . .     SeeInvis .   d - +0 short sword
rCold    . . .     Gourm    .   (no shield)
rNeg     . . .     Faith    .   a - +0 robe
rPois    .         Spirit   .   (no helmet)
rElec    .         Reflect  .   (no cloak)
rCorr    .         Harm     .   (no gloves)
MR       .....                  (no boots)
Stlth    ++........             (no amulet)
HPRegen  0.00/turn              (no ring)
MPRegen  0.10/turn              (no ring)

@: non-regenerating
A: damage resistance, heal wounds, sense surroundings 1, no regeneration
a: Heal Wounds


You were on level 2 of the Dungeon.
You were not hungry.

You visited 1 branch of the dungeon, and saw 2 of its levels.

You collected 64 gold pieces.

Inventory:

Hand Weapons
 d - a +0 short sword (weapon)
Armour
 a - a +0 robe (worn)
Wands
 k - a wand of paralysis (7)
Scrolls
 f - a scroll of remove curse {unknown}
 g - 2 scrolls of identify {unknown}
 h - a scroll of amnesia {unknown}
Potions
 e - a potion of curing {unknown}
 j - a potion of brilliance {unknown}
Books
 b - a book of Necromancy

   Spells                             Type                      Level
   a - Pain                           Necromancy                   1
   b - Animate Skeleton               Necromancy                   1
   c - Vampiric Draining              Necromancy                   3
   d - Regeneration                   Charms/Necromancy            3
   e - Animate Dead                   Necromancy                   4
   f - Borgnjor's Vile Clutch         Necromancy/Earth             5
Comestibles
 c - 3 rations


   Skills:
 - Level 2.1 Dodging
 - Level 2.4 Stealth
 + Level 2.6 Spellcasting
 * Level 5.8 Necromancy


You had 4 spell levels left.
You knew the following spells:

 Your Spells              Type           Power        Failure   Level  Hunger
a - Pain                  Necr           ###.         1%          1    #......
c - Vampiric Draining     Necr           ###.......   5%          3    ###....


Dungeon Overview and Level Annotations

Branches:
Dungeon (2/15)

Altars:
Okawaru


Innate Abilities, Weirdness & Mutations

You are resistant to damage.
You can heal yourself by infusing magical energy.
You passively map a small area around you.
You do not regenerate.


Message History

You closely miss the hobgoblin. The hobgoblin barely misses you.
Casting: Vampiric Draining
Confirm with . or Enter, or press ? or * to list all spells.
Aiming: Vampiric Draining
Press: ? - help, Shift-Dir - straight line, f - hobgoblin
Aim: a hobgoblin, wielding a club and wearing a leather armour The hobgoblin is almost dead.
You feel life coursing into your body. The hobgoblin hits you with a club.
You regained 2 hp, and now have 27/36 hp.
You now have 4/7 mp.
Casting: Vampiric Draining
Confirm with . or Enter, or press ? or * to list all spells.
Aiming: Vampiric Draining
Press: ? - help, Shift-Dir - straight line, f/p - hobgoblin
Aim: a hobgoblin, wielding a club and wearing a leather armour (almost dead)
You kill the hobgoblin!
You now have 1/7 mp.
g - 2 scrolls labeled ANUHAAK REMI (gained 1)
You now have 64 gold pieces (gained 22).
Items here: ( ) [ † a club; 8 stones; a leather armour; a hobgoblin corpse You butcher the hobgoblin corpse.
i - 4 chunks of flesh
Items here: ( ) [ ÷ a club; 8 stones; a leather armour; a hobgoblin skeleton Key pressed, stopping explore. 2 gnolls come into view.
MP restored: 7
There are monsters nearby!
The gnoll shouts!
A gnoll comes into view. It is wielding a flail.
A gnoll comes into view.
Found a stone staircase leading up.
The gnoll shouts! x3
The gnoll hits you with a halberd!
* * * LOW HITPOINT WARNING * * *
The gnoll hits you.
* * * LOW HITPOINT WARNING * * *
The gnoll closely misses you.
You take 13 damage, and have 14/36 hp.
MASSIVE DAMAGE!!
Casting: Vampiric Draining
Confirm with . or Enter, or press ? or * to list all spells.
Aiming: Vampiric Draining
Press: ? - help, Shift-Dir - straight line, f - gnoll
Aim: a gnoll, wielding a halberd The gnoll is moderately wounded.
You feel life coursing into your body. The gnoll hits you.
The gnoll hits you from afar with a spear.
The gnoll barely misses you.
You regained 2 hp, and now have 16/36 hp.
You now have 4/7 mp.
Casting: Vampiric Draining
Confirm with . or Enter, or press ? or * to list all spells.
Aiming: Vampiric Draining
Press: ? - help, Shift-Dir - straight line, f/p - gnoll
Aim: a gnoll, wielding a halberd (moderately wounded)
You kill the gnoll!
You feel life coursing into your body. The gnoll completely misses you.
The gnoll hits you from afar with a spear.
You regained 4 hp, and now have 20/36 hp.
You now have 1/7 mp.
Casting: Vampiric Draining
Confirm with . or Enter, or press ? or * to list all spells.
Aiming: Pain
Press: ? - help, Shift-Dir - straight line, f - gnoll
Aim: a gnoll (chance to defeat MR: 85%)
The gnoll writhes in agony!
The gnoll hits you from afar with a spear!
* * * LOW HITPOINT WARNING * * *
You take 6 damage, and have 14/36 hp.
You now have 0/7 mp.
The gnoll closely misses you.
You hit the gnoll.
The gnoll is moderately wounded.
The gnoll closely misses you.
You barely miss the gnoll.
The gnoll is moderately wounded.
The gnoll hits you with a flail!
* * * LOW HITPOINT WARNING * * *
You take 11 damage, and have 3/36 hp.
MASSIVE DAMAGE!!
You are feeling hungry.
There is a stone staircase leading up here.
You climb upwards.
There is a stone staircase leading down here.
Eating one of 4 chunks of flesh.
You eat one of the 4 chunks of flesh.
This raw flesh tastes terrible.
You enter the shallow water.
Moving in this stuff is going to be slow.
Magic restored.
There is a stone staircase leading down here.
MP restored: 7 You climb downwards.
There is a stone staircase leading up here.
There is a stone staircase leading up here.
You see here a dagger.
There is a stone staircase leading down here.
The gnoll shouts!
You hear a shout!
The gnoll is too close now for your liking.
All of the chunks of flesh in your inventory have rotted away.
The gnoll hits you with a flail!
You die...

##....#.(.......g.......#
##.####.((..(.[.........#
..........>.............#
......#......g....#######
..###.#.######..###
..###)#.### #..##
..#.......# #...#
..#.......# #.#g#
..#.....÷.####.#@#
..#.......#....#.##
..#....†..#....#..#
..#.......#....##.#
.##.......#....##.##
.....)....#.....#..#
..........#.....##.#
..........#.....#..###
..........#..........#


You could see 2 gnolls.

Vanquished Creatures
  A gnoll (D:2)
  3 adders (D:2)
  An ooze (D:2)
  An adder zombie (D:2)
  2 worms (D:2)
  5 bats
  3 giant cockroaches
  5 goblins
  5 hobgoblins
  2 jackals (D:1)
  2 kobolds (D:2)
  4 frilled lizards (D:1)
  5 rats
39 creatures vanquished.

Notes
Turn   | Place    | Note
-------+----------+-------------------------------------------
     0 | D:1      | Monsterracer the Deep Dwarf Necromancer began the quest for the Orb.
     0 | D:1      | Reached XP level 1. HP: 15/15 MP: 3/3
   217 | D:1      | Reached XP level 2. HP: 22/22 MP: 3/5
   913 | D:2      | Reached skill level 5 in Necromancy
  1266 | D:2      | Reached XP level 3. HP: 22/28 MP: 6/6
  1271 | D:2      | Learned a level 3 spell: Vampiric Draining
  1511 | D:2      | Reached XP level 4. HP: 19/36 MP: 0/7
  1742 | D:2      | Found an iron altar of Okawaru.
  1990 | D:2      | HP: 18/36 [gnoll/halberd (9)]
  2004 | D:2      | HP: 3/36 [gnoll/flail (11)]
  2131 | D:2      | Slain by a gnoll

Skill      XL: |  1  2 |
---------------+-------+-----
Spellcasting   | 2 |  2.6
Necromancy     | 5 |  5.8
Dodging        | |  2.1
Stealth        | |  2.4

Action                   |  1- 3 |  4- 6 || total
-------------------------+-------+-------++-------
Melee: Short sword       |    24 |     7 ||    31
 Cast: Pain              |    60 |     3 ||    63
       Vampiric Draining |       |     7 ||     7
  Eat: Chunk             |     3 |     3 ||     6
Armor: Robe              |    10 |     3 ||    13
Dodge: Dodged            |    19 |    10 ||    29

Vault maps used:
D:1:      lightli_arrival_boilingwater, kennysheep_decorative_pillar,
          hangedman_abyss_or_decor_stabs
D:2:      first_ration, serial_glass, glass_columns_a, glass_columns_c,
          glass_columns_a, glass_columns_a, glass_columns_b, glass_columns_b,
          glass_columns_b, glass_columns_c, okawaru_trees_1
